 Dungeon Crawl Stone Soup version 0.31-a0-161-gb58dd9be76 (webtiles) character file.

Game seed: 16298496443394394512

10974 qw the Skirmisher (level 11, -7/71 HPs)
             Began as a Gargoyle Hunter on June 12, 2023.
             Was an Elder of Okawaru.
             Mangled by a death yak (10 damage)
             ... on level 11 of the Dungeon.
             The game lasted 00:03:42 (8545 turns).

qw the Skirmisher (Gargoyle Hunter)                 Turns: 8545, Time: 00:03:43

Health: -7/71      AC: 18    Str: 16    XL:     11   Next: 70%
Magic:  13/15      EV: 25    Int:  9    God:    Okawaru [****..]
Gold:   264        SH:  0    Dex: 23    Spells: 10/10 levels left

rFire   . . .        f - +0 orcbow (heavy)
rCold   . . .        (shield currently unavailable)
rNeg    + . .        o - +0 steam dragon scales
rPois   inf          (no helmet)
rElec   +            g - +0 cloak
rCorr   .            u - +2 pair of gloves
SInv    .            c - +0 pair of boots
Will    .....        m - amulet of regeneration
Stlth   ++++         i - +6 ring of dexterity
HPRegen 1.11/turn    p - +5 ring of evasion
MPRegen 0.14/turn

%: no passive effects
@: about to teleport, heroic
A: sickness immunity, AC +8, negative energy resistance 1, electricity
resistance, torment resistance 1, petrification resistance, deformed body
a: Renounce Religion, Heroism, Finesse


You were on level 11 of the Dungeon.
You worshipped Okawaru.
Okawaru was greatly pleased with you.
You visited 2 branches of the dungeon, and saw 12 of its levels.
You also visited: Sewer.

You collected 508 gold pieces.
You spent 244 gold pieces at shops.


Innate Abilities, Weirdness & Mutations

You are immune to sickness and miasma.
Your stone body is resilient. (AC +8)
You are immune to poison.
You resist negative energy. (rN+)
You are resistant to electric shocks. (rElec)
You are resistant to unholy torment.
You are immune to petrification.
Armour fits poorly on your strangely shaped body.


   Skills:
 - Level 9.2(14.2) Fighting
 - Level 14.0(19.0) Ranged Weapons
 - Level 4.6(9.6) Armour
 + Level 5.0(10.0) Dodging
 - Level 1.1(6.1) Stealth
 + Level 6.0 Invocations


You had 10 spell levels left.
You didn't know any spells.
Your spell library was empty.

Inventory:

Hand Weapons
 b - a +0 arbalest
 f - a +0 heavy orcbow (weapon)
Armour
 c - a +0 pair of boots (worn)
 g - a +0 cloak (worn)
 o - +0 steam dragon scales (worn)
 u - a +2 pair of gloves (worn)
Jewellery
 i - a +6 ring of dexterity (left hand)
 m - an amulet of regeneration (around neck)
 p - a +5 ring of evasion (right hand)
Scrolls
 a - a scroll of identify
 t - a scroll of teleportation
Potions
 e - 3 potions of mutation
 h - 3 potions of resistance
 j - 3 potions of magic
 k - 4 potions of curing
 l - 2 potions of might
 n - 4 potions of heal wounds
 q - a potion of cancellation
 r - 4 potions of haste
 s - a potion of lignification

Dungeon Overview and Level Annotations

Branches:
Dungeon (11/15)            Temple (1/1) D:5             Orc (0/2) D:9
  Sewer (visited)
   Lair: D:8-11

Altars:
Ashenzari
Cheibriados
Dithmenos
Elyvilon
Fedhas
Gozag
Hepliaklqana
Kikubaaqudgha
Makhleb
Nemelex Xobeh
Okawaru
Qazlal
Ru
Sif Muna
Trog
Uskayaw
Vehumet
Wu Jian
Xom
Yredelemnul
Zin
The Shining One

Shops:
D:2 [(:   D:6 *


Message History

8537 ||| INVOKING Heroism.
You gain the combat prowess of a mighty hero.
The death yak gores you but does no damage.
The death yak completely misses you. The death yak closely misses you.
You shoot an arrow. The arrow hits the death yak.
The death yak is lightly wounded.
The death yak completely misses you. x3
You shoot an arrow. The arrow hits the death yak!!!
The death yak is severely wounded.
The death yak completely misses you. The death yak misses you.
The death yak closely misses you.
You shoot an arrow. The arrow hits the death yak!
The death yak is almost dead.
The death yak misses you. The death yak closely misses you.
The death yak snorts and paws the ground.
The death yak barely misses you.
You shoot an arrow. The arrow hits the death yak.
The death yak is almost dead.
The death yak gores you but does no damage.
The death yak barely misses you.
The death yak gores you but does no damage.
You shoot an arrow. The arrow hits the death yak!!
You kill the death yak!
Okawaru accepts your kill. The death yak closely misses you. x2
Your base Ranged Weapons skill increases to level 14!
Your Invocations skill increases to level 6!
You shoot an arrow.
The arrow hits the death yak but does no damage.
The death yak gores you! The death yak completely misses you.
The death yak gores you.
You shoot an arrow. The arrow hits the death yak!!
The death yak is moderately wounded.
The death yak gores you! The death yak completely misses you. x2
8545 ||| READING 2 scrolls of teleportation.
As you read the scroll of teleportation, it crumbles to dust.
You feel strangely unstable. The death yak gores you!
The death yak completely misses you. The death yak gores you!
You die...

.........'.#.........
.........#.#.........
.........#.#.........
.........#.'.........
###+########.........
#.....>... ##'#######
#....# ####@#
#..YYY......
#...YW#.?... #.....#
.##. #...... .#
+....... .. #.......
. #.....#..


You could see 4 death yaks and a wraith.

Vanquished Creatures
  3 death yaks (D:11)
  Nergalle (D:10)
  Maurice (D:8)
  Maggie (D:10)
  2 hornets
  2 trolls
  Grinder (D:3)
  A wraith (D:11)
  A shadow (D:10)
  2 wyverns
  Sigmund (D:3)
  8 yaks (D:10)
  A steam dragon (D:10)
  Menkaure (D:6)
  Edmund (D:4)
  2 water moccasins
  2 orc warriors
  5 ice beasts
  A black bear (D:7)
  A sky beast (D:7)
  An ogre (D:5)
  4 centaurs
  2 phantoms (D:7)
  6 kobold brigands
  4 bullfrogs
  7 scorpions
  7 wights (D:8)
  2 oklob saplings (D:10)
  7 killer bees
  6 howler monkeys
  3 jellies
  2 gnoll boudas (D:6)
  5 orc priests
  5 hounds (D:4)
  3 iguanas
  2 sleepcaps
  6 orc wizards
  10 gnolls (D:6)
  18 adders
  3 river rats (Sewer)
  4 white imps
  3 ufetubi
  3 dart slugs
  2 worms (D:3)
  14 orcs
  6 endoplasms
  6 giant cockroaches
  7 hobgoblins
  3 jackals
  31 kobolds
  6 quokkas
  21 ball pythons
  5 bats
  7 frilled lizards
  15 goblins
  13 rats
287 creatures vanquished.

Notes
Turn   | Place    | Note
-------+----------+-------------------------------------------
     0 | D:1      | qw the Gargoyle Hunter began the quest for the Orb.
     0 | D:1      | Reached XP level 1. HP: 12/12 MP: 1/1
     0 | D:1      | 0 ||| qw: Version: 0.2-a-29-gc1b59c4
     0 | D:1      | 0 ||| qw: Game counter: 4233
     0 | D:1      | 0 ||| qw: Always use a shield: true
     0 | D:1      | 0 ||| qw: God list: Okawaru
     0 | D:1      | 0 ||| qw: Allow faded altars: false
     0 | D:1      | 0 ||| qw: Do Orc after D:15 true
     0 | D:1      | 0 ||| qw: Do second Lair branch before Depths: true
     0 | D:1      | 0 ||| qw: Lair rune preference: random
     0 | D:1      | 0 ||| qw: Plans: Normal, Zot:1-4, Slime:5, God:TSO, Crypt,
                  | Tomb, Abyss, Pan, Hells, Win
     0 | D:1      | 0 ||| PLANNING D:1-11
    99 | D:1      | Reached XP level 2. HP: 17/17 MP: 2/2
   429 | D:1      | Reached XP level 3. HP: 21/21 MP: 3/3
   617 | D:1      | 617 ||| UPGRADING to +0 cloak.
   622 | D:1      | 622 ||| UPGRADING to +0 ring mail.
   632 | D:1      | 632 ||| DROPPING +0 leather armour.
   633 | D:1      | 633 ||| UPGRADING to +6 ring of dexterity.
   634 | D:1      | 634 ||| READING scroll labelled FORAKE LONOET.
   635 | D:1      | 635 ||| READING scroll labelled UCWEATHEUDD.
   636 | D:1      | 636 ||| DRINKING 2 clear potions.
   636 | D:1      | Gained mutation: Armour fits poorly on your strangely
                  | shaped body. [potion of mutation]
   637 | D:1      | 637 ||| DROPPING scroll of butterflies.
   794 | D:2      | Reached skill level 1 in Armour
   852 | D:2      | Reached skill level 5 in Ranged Weapons
   865 | D:2      | Found Ocsum's Weapon Boutique.
   918 | D:2      | Found Dublube's Book Boutique.
  1241 | D:2      | Found Yxua's Armour Emporium.
  1250 | D:2      | Reached skill level 3 in Fighting
  1250 | D:2      | Reached XP level 4. HP: 28/28 MP: 4/4
  1252 | D:2      | 1252 ||| BUYING +0 pair of boots (49 gold).
  1252 | D:2      | Bought a +0 pair of boots for 49 gold pieces
  1565 | D:2      | 1565 ||| DROPPING scarf of shadows.
  1566 | D:2      | 1566 ||| UPGRADING to +0 pair of boots.
  1571 | D:2      | 1571 ||| UPGRADING to amulet of regeneration.
  1576 | D:2      | 1576 ||| DRINKING 3 golden potions.
  1577 | D:2      | 1577 ||| DRINKING 2 viscous puce potions.
  1578 | D:2      | 1578 ||| READING 2 scrolls of identify.
  1578 | D:2      | 1578 ||| IDENTIFYING smoky black potion
  1579 | D:2      | 1579 ||| DROPPING potion of ambrosia.
  1710 | D:3      | Noticed Grinder
  1712 | D:3      | Paralysed by Grinder for 2 turns
  1716 | D:3      | Paralysed by Grinder for 3 turns
  1723 | D:3      | Paralysed by Grinder for 2 turns
  1726 | D:3      | 1726 ||| FLEEEEING.
  1726 | D:3      | Paralysed by Grinder for 4 turns
  1731 | D:3      | Killed Grinder
  1732 | D:3      | Reached skill level 6 in Ranged Weapons
  1732 | D:3      | Reached XP level 5. HP: 32/32 MP: 5/5
  1732 | D:3      | Reached XP level 6. HP: 37/37 MP: 6/6
  1881 | D:3      | Noticed Sigmund
  1884 | D:3      | Killed Sigmund
  1885 | D:3      | Reached XP level 7. HP: 44/44 MP: 7/7
  1900 | D:3      | Found a faded altar of an unknown god.
  1999 | D:3      | 1999 ||| UPGRADING to +1 leather armour of poison
                  | resistance.
  2009 | D:3      | 2009 ||| DROPPING +0 ring mail.
  2010 | D:3      | 2010 ||| READING scroll labelled LAPAGO QIVVORCH.
  2011 | D:3      | 2011 ||| READING 2 scrolls labelled CAKAES UN SOWU.
  2012 | D:3      | 2012 ||| READING 3 scrolls of identify.
  2012 | D:3      | 2012 ||| IDENTIFYING bubbling black potion
  2013 | D:3      | 2013 ||| READING 2 scrolls of identify.
  2013 | D:3      | 2013 ||| IDENTIFYING metallic blue potion
  2014 | D:3      | 2014 ||| DROPPING potion of degeneration.
  2015 | D:3      | 2015 ||| DROPPING potion of enlightenment.
  2016 | D:3      | 2016 ||| DROPPING scroll of fear.
  2083 | D:4      | Reached skill level 7 in Ranged Weapons
  2116 | D:4      | Found a glowing silver altar of Zin.
  2116 | D:4      | Noticed an angel
  2262 | D:4      | Noticed Edmund
  2266 | D:4      | Killed Edmund
  2267 | D:4      | Reached skill level 8 in Ranged Weapons
  2810 | D:4      | 2810 ||| READING scroll labelled SIEMO XEAXZA.
  2811 | D:4      | 2811 ||| READING scroll labelled PORECUUTYNN.
  2819 | D:4      | 2819 ||| READING scroll labelled LICIPL RAIVA.
  2920 | D:4      | 2920 ||| DRINKING 2 ruby potions.
  2921 | D:4      | 2921 ||| DRINKING 2 fizzy dark potions.
  2973 | D:5      | Entered Level 5 of the Dungeon
  3107 | D:5      | Reached XP level 8. HP: 49/49 MP: 8/8
  3117 | D:5      | Found a staircase to the Ecumenical Temple.
  3118 | D:5      | 3118 ||| PLANNING TEMPLE
  3118 | D:5      | 3118 ||| READING scroll labelled TIXTOHITYNT.
  3136 | Temple   | Entered the Ecumenical Temple
  3140 | Temple   | 3140 ||| PLANNING OKAWARU WORSHIP
  3293 | Temple   | Became a worshipper of Warmaster Okawaru
  3293 | Temple   | 3293 ||| PLANNING D:1-11
  3394 | D:5      | Reached skill level 9 in Ranged Weapons
  3584 | D:5      | Found a shadowy altar of Dithmenos.
  3589 | D:5      | 3589 ||| UPGRADING to ring of willpower.
  3590 | D:5      | 3590 ||| READING scroll labelled WETIWO JAHI.
  3598 | D:5      | Reached skill level 3 in Dodging
  3792 | D:5      | Reached * piety under Okawaru
  3793 | D:5      | Reached skill level 6 in Fighting
  3809 | D:5      | Reached skill level 1 in Invocations
  3910 | D:6      | 3910 ||| PLANNING SEWER
  3965 | D:6      | 3965 ||| Stepping ~*~*~tactically~*~*~ (outnumbered).
  3966 | D:6      | 3966 ||| Stepping ~*~*~tactically~*~*~ (outnumbered).
  3968 | D:6      | 3968 ||| Stepping ~*~*~tactically~*~*~ (outnumbered).
  3972 | D:6      | 3972 ||| Stepping ~*~*~tactically~*~*~ (outnumbered).
  4131 | D:6      | Reached skill level 3 in Invocations
  4131 | D:6      | Reached XP level 9. HP: 55/55 MP: 11/11
  4198 | D:6      | Noticed Menkaure
  4199 | D:6      | 4199 ||| INVOKING Heroism.
  4207 | D:6      | Killed Menkaure
  4235 | D:6      | Found Jyucw's Assorted Antiques.
  4244 | D:6      | 4244 ||| BUYING glowing orcbow (169 gold).
  4244 | D:6      | Bought a glowing orcbow for 169 gold pieces
  4244 | D:6      | 4244 ||| SHOPLISTING potion of curing (78 gold, have 58).
  4244 | D:6      | 4244 ||| BUYING scroll labelled RITEAM IH BOW (26 gold).
  4244 | D:6      | Bought a scroll labelled RITEAM IH BOW for 26 gold pieces
  4244 | D:6      | 4244 ||| SWAPPING to +0 heavy orcbow.
  4245 | D:6      | 4245 ||| DROPPING +0 shortbow of electrocution.
  4271 | D:6      | Identified the +10 plate armour of Relativism {rC+ Str+2
                  | Dex+3}
  4312 | D:6      | 4312 ||| INVOKING Heroism.
  4313 | D:6      | 4313 ||| Stepping ~*~*~tactically~*~*~ (outnumbered).
  4361 | D:6      | Reached skill level 10 in Ranged Weapons
  4375 | D:6      | Found a glowing drain.
  4382 | D:6      | 4382 ||| READING scroll labelled RITEAM IH BOW.
  4386 | D:6      | 4386 ||| READING 2 scrolls of identify.
  4386 | D:6      | 4386 ||| IDENTIFYING puce potion
  4403 | D:6      | Found a bloodstained altar of Trog.
  4405 | D:6      | 4405 ||| INVOKING Heroism.
  4406 | D:6      | 4406 ||| Stepping ~*~*~tactically~*~*~ (outnumbered).
  4431 | D:6      | 4431 ||| Stepping ~*~*~tactically~*~*~ (water).
  4433 | D:6      | 4433 ||| Stepping ~*~*~tactically~*~*~ (water).
  4441 | Sewer    | Entered a sewer
  4490 | Sewer    | 4490 ||| Stepping ~*~*~tactically~*~*~ (water).
  4492 | Sewer    | 4492 ||| Stepping ~*~*~tactically~*~*~ (water).
  4494 | Sewer    | 4494 ||| Stepping ~*~*~tactically~*~*~ (water).
  4496 | Sewer    | 4496 ||| Stepping ~*~*~tactically~*~*~ (water).
  4528 | Sewer    | 4528 ||| Stepping ~*~*~tactically~*~*~ (water).
  4530 | Sewer    | 4530 ||| Stepping ~*~*~tactically~*~*~ (water).
  4574 | Sewer    | 4574 ||| READING scroll labelled JOOFAQ TUGGOORGH.
  4580 | Sewer    | 4580 ||| Stepping ~*~*~tactically~*~*~ (water).
  4627 | Sewer    | 4627 ||| Stepping ~*~*~tactically~*~*~ (water).
  4629 | Sewer    | 4629 ||| Stepping ~*~*~tactically~*~*~ (water).
  4631 | Sewer    | 4631 ||| Stepping ~*~*~tactically~*~*~ (water).
  4633 | Sewer    | 4633 ||| Stepping ~*~*~tactically~*~*~ (water).
  4693 | Sewer    | 4693 ||| Stepping ~*~*~tactically~*~*~ (water).
  4740 | Sewer    | 4740 ||| Stepping ~*~*~tactically~*~*~ (water).
  4824 | Sewer    | 4824 ||| Stepping ~*~*~tactically~*~*~ (water).
  4826 | Sewer    | 4826 ||| Stepping ~*~*~tactically~*~*~ (water).
  4828 | Sewer    | 4828 ||| Stepping ~*~*~tactically~*~*~ (water).
  4830 | Sewer    | 4830 ||| Stepping ~*~*~tactically~*~*~ (water).
  4998 | D:6      | 4998 ||| PLANNING D:1-11
  5078 | D:6      | 5078 ||| INVOKING Heroism.
  5102 | D:6      | 5102 ||| INVOKING Heroism.
  5305 | D:6      | 5305 ||| READING 2 scrolls of identify.
  5305 | D:6      | 5305 ||| IDENTIFYING dark potion
  5306 | D:6      | 5306 ||| DROPPING potion of brilliance.
  5311 | D:7      | 5311 ||| STAIRDANCE
  5325 | D:7      | 5325 ||| STAIRDANCE
  5328 | D:6      | 5328 ||| INVOKING Heroism.
  5401 | D:7      | 5401 ||| INVOKING Heroism.
  5463 | D:7      | 5463 ||| Stepping ~*~*~tactically~*~*~ (outnumbered).
  5467 | D:7      | Reached ** piety under Okawaru
  5478 | D:7      | Reached skill level 11 in Ranged Weapons
  5507 | D:7      | 5507 ||| DROPPING amulet of magic regeneration.
  5511 | D:7      | Reached XP level 10. HP: 63/63 MP: 13/13
  5523 | D:7      | 5523 ||| FLEEEEING.
  5571 | D:7      | 5571 ||| INVOKING Heroism.
  5608 | D:7      | Found a glowing golden altar of the Shining One.
  5611 | D:7      | 5611 ||| INVOKING Heroism.
  5630 | D:7      | Identified the +5 spear of Buzaqeah {distort, Will+ Int+2
                  | Stlth-}
  5719 | D:7      | Found a glowing golden altar of the Shining One.
  5765 | D:7      | Found a flagged portal.
  6246 | D:7      | 6246 ||| UPGRADING to +2 pair of gloves.
  6251 | D:7      | 6251 ||| DROPPING scarf of harm.
  6252 | D:7      | 6252 ||| UPGRADING to +5 ring of evasion.
  6254 | D:7      | 6254 ||| DROPPING ring of willpower.
  6255 | D:7      | 6255 ||| READING scroll labelled YMIANW GEITS.
  6256 | D:7      | 6256 ||| READING 2 scrolls labelled IROUSCHI JOPPIXT.
  6257 | D:7      | 6257 ||| READING scroll labelled WIORIU UGHYLLA.
  6258 | D:7      | 6258 ||| READING 3 scrolls of identify.
  6258 | D:7      | 6258 ||| IDENTIFYING amethyst potion
  6259 | D:7      | 6259 ||| READING 2 scrolls of identify.
  6259 | D:7      | 6259 ||| IDENTIFYING fuming cyan potion
  6260 | D:7      | 6260 ||| DROPPING potion of invisibility.
  6261 | D:7      | 6261 ||| DROPPING scroll of poison.
  6350 | D:8      | Reached skill level 3 in Armour
  6463 | D:8      | Noticed Maurice
  6467 | D:8      | Killed Maurice
  6468 | D:8      | Reached skill level 12 in Ranged Weapons
  6600 | D:8      | 6600 ||| INVOKING Heroism.
  6601 | D:8      | 6601 ||| Stepping ~*~*~tactically~*~*~ (outnumbered).
  7082 | D:9      | Reached *** piety under Okawaru
  7116 | D:9      | Found a hazy altar of Hepliaklqana.
  7202 | D:9      | Found a broken altar of Ashenzari.
  7242 | D:9      | Found a staircase to the Orcish Mines.
  7342 | D:9      | 7342 ||| INVOKING Heroism.
  7461 | D:9      | Found a sacrificial altar of Ru.
  7602 | D:9      | 7602 ||| READING 2 scrolls of identify.
  7602 | D:9      | 7602 ||| IDENTIFYING smoky silvery potion
  7665 | D:10     | Entered Level 10 of the Dungeon
  7704 | D:10     | Noticed Maggie
  7710 | D:10     | 7710 ||| INVOKING Heroism.
  7711 | D:10     | Killed Maggie
  7910 | D:10     | Identified the +6 falchion of the Genius {flame, Int+3}
  7918 | D:10     | Reached skill level 13 in Ranged Weapons
  7924 | D:10     | Reached XP level 11. HP: 68/69 MP: 14/14
  7945 | D:10     | Noticed Nergalle
  7946 | D:10     | 7946 ||| INVOKING Heroism.
  7953 | D:10     | Reached skill level 9 in Fighting
  7964 | D:10     | Killed Nergalle
  7964 | D:10     | Reached **** piety under Okawaru
  7966 | D:10     | 7966 ||| INVOKING Heroism.
  8023 | D:10     | 8023 ||| INVOKING Heroism.
  8044 | D:10     | 8044 ||| INVOKING Heroism.
  8215 | D:10     | Found a radiant altar of Vehumet.
  8215 | D:10     | Found an ancient bone altar of Kikubaaqudgha.
  8367 | D:10     | 8367 ||| INVOKING Heroism.
  8401 | D:10     | 8401 ||| INVOKING Heroism.
  8445 | D:10     | 8445 ||| UPGRADING to +0 steam dragon scales.
  8455 | D:10     | 8455 ||| DROPPING +1 leather armour of poison resistance.
  8522 | D:11     | Noticed a death yak
  8522 | D:11     | Noticed a death yak
  8522 | D:11     | Noticed a death yak
  8523 | D:11     | 8523 ||| INVOKING Heroism.
  8524 | D:11     | Noticed a death yak
  8524 | D:11     | Noticed a death yak
  8526 | D:11     | Noticed a death yak
  8527 | D:11     | Noticed a death yak
  8530 | D:11     | Killed a death yak
  8536 | D:11     | Killed a death yak
  8537 | D:11     | 8537 ||| INVOKING Heroism.
  8542 | D:11     | Killed a death yak
  8543 | D:11     | Reached skill level 14 in Ranged Weapons
  8543 | D:11     | Reached skill level 6 in Invocations
  8544 | D:11     | HP: 9/71 [death yak (17)]
  8545 | D:11     | 8545 ||| READING 2 scrolls of teleportation.
  8545 | D:11     | HP: 3/71 [death yak (7)]
  8545 | D:11     | Mangled by a death yak

Levels and vault maps discovered:
D:1:      nicolae_arrival_memento_mori, layout_loops_ring, minmay_3d_cube
D:2:      layout_basic, serial_shops, nicolae_shop_just_a_little_nook, shop,
          shop
D:3:      layout_rooms, shapermc_ecumenical_altar_rom_forum, uniq_sigmund,
          uniq_grinder
D:4:      layout_basic, zin_angel, kennysheep_generic_room_7, uniq_edmund
D:5:      layout_basic, nicolae_dithmenos_through_a_glass_darkly, temple_pool_b
D:6:      layout_basic, mainiacjoe_overflow_alcove_4, serial_shops,
          nicolae_shop_overgrown_old_shop, portal_sewer_entry_f, uniq_menkaure
D:7:      minmay_the_grid_octo_tiled_squarecenter
          [minmay_the_grid_octo_fat_diamond,
          minmay_the_grid_octo_tetromino_candy, minmay_the_grid_octo_checkered,
          minmay_the_grid_octo_vomiting_pacman,
          minmay_the_grid_square_5x5_megaprize_hollow,
          minmay_the_grid_square_5x5_n_small,
          minmay_the_grid_square_5x5_doubleslash,
          minmay_the_grid_square_5x5_broken_cross,
          minmay_the_grid_square_5x5_percent], layout_loops_cross,
          nicolae_tso_carved_into_rock, enter_bailey_5
D:8:      layout_loops_ring, uniq_maurice
D:9:      layout_roguey, mainiacjoe_overflow_cross_hatched,
          nicolae_hepliaklqana_hazy_memory, lemuel_tele_altar, orc_0_dummy,
          serial_bayou_pond_e
D:10:     layout_irregular_city, gammafunk_temple_overflow_statue,
          introduction_to_nature_1, uniq_maggie, uniq_nergalle
D:11:     layout_roguey, dpeg_lair_monsters
Temple:   nicolae_temple_bog_church

Skill      XL: |  1  2  3  4  5  6  7  8  9 10 11 |
---------------+----------------------------------+-----
Armour         | 1 2 3 4 |  4.6
Ranged Weapons | 5 6 8 9 11 13 14 | 14.0
Fighting       | 3 4 5 6 7 8 9 |  9.2
Dodging        | 2 3 4 5 |  5.0
Invocations    | 3 4 6 |  6.0
Stealth        | |  1.1

Action                     |  1- 3 |  4- 6 |  7- 9 | 10-12 || total
---------------------------+-------+-------+-------+-------++-------
   Fire: Shortbow          |    76 |    72 |   212 |       ||   360
         Orcbow            |       |       |   152 |   247 ||   399
 Invoke: Heroism           |       |       |     7 |    13 ||    20
    Use: Scroll            |     2 |     1 |    13 |     7 ||    23
         Potion            |     1 |     2 |     2 |       ||     5
 Armour: Leather armour    |     3 |       |    94 |    58 ||   155
         Ring mail         |       |     6 |     7 |       ||    13
         Steam dragon scal |       |       |       |     8 ||     8
  Dodge: Dodged            |    12 |    16 |   159 |   235 ||   422

Table legend:
 A = Non-vault XP
 B = Vault XP
 C = Vault XP percentage of total XP
 D = Non-vault monster count
 E = Vault monster count
 F = Vault count percentage of total count
                 A         B        C        D         E       F
            +---------+---------+-------+---------+---------+-------
      Total |    8420 |    7258 |  46.3 |     202 |      85 |  29.6
            +---------+---------+-------+---------+---------+-------
        D:1 |      35 |       1 |   2.8 |      24 |       1 |   4.0
        D:2 |      61 |       0 |   0.0 |      16 |       0 |   0.0
        D:3 |      59 |     491 |  89.3 |      24 |       2 |   7.7
        D:4 |     368 |     174 |  32.1 |      20 |       4 |  16.7
        D:5 |     773 |       0 |   0.0 |      11 |       0 |   0.0
        D:6 |     733 |     533 |  42.1 |      37 |       8 |  17.8
        D:7 |     816 |    1459 |  64.1 |      13 |      23 |  63.9
        D:8 |     995 |     449 |  31.1 |      21 |       1 |   4.5
        D:9 |    1236 |       0 |   0.0 |      16 |       0 |   0.0
       D:10 |    3127 |    1520 |  32.7 |      19 |      18 |  48.6
       D:11 |     217 |    2415 |  91.8 |       1 |       3 |  75.0
      Sewer |       0 |     216 | 100.0 |       0 |      25 | 100.0
            +---------+---------+-------+---------+---------+-------
